 Dungeon Crawl Stone Soup version 0.29-a0-322-g68df515428 (webtiles) character file.

Game seed: 18053038635003292644

124 ImHallYall the Charlatan (level 4, 0/35 HPs)
             Began as a Demigod Artificer on Apr 6, 2022.
             Slain by an orc
             ... wielding a +0 flail
              (1 damage)
             ... on level 3 of the Dungeon on Apr 7, 2022.
             The game lasted 00:13:26 (3244 turns).

ImHallYall the Charlatan (Demigod Artificer)        Turns: 3244, Time: 00:13:27

Health: 0/35       AC:  6    Str: 13    XL:     4   Next: 52%
Magic:  6/6        EV: 11    Int: 19    God:
Gold:   141        SH:  0    Dex: 18    Spells: 0/3 levels left

rFire   . . .      SeeInvis .   o - +0 long sword
rCold   . . .      Faith    .   (no shield)
rNeg    . . .      Spirit   .   h - +0 ring mail
rPois   .          Reflect  .   w - +0 helmet
rElec   .          Harm     +   x - scarf {harm}
rCorr   .          Rampage  .   (no gloves)
Will    .....                   (no boots)
Stlth   +.........              (no amulet)
HPRegen 0.11/turn               z - +6 ring of intelligence
MPRegen 0.10/turn               (no ring)

@: no status effects
A: high MP 1, forlorn, divine attributes
a: no special abilities


You were on level 3 of the Dungeon.
You visited 1 branch of the dungeon, and saw 3 of its levels.

You collected 141 gold pieces.

Inventory:

Hand Weapons
 a - a +0 club
 f - a +0 dagger
 g - a +0 flail
 j - a +1 dagger of venom
 o - a +0 long sword (weapon)
 v - a +0 hand axe
Armour
 b - a +0 leather armour
 h - a +0 ring mail (worn)
 i - a +0 helmet
 r - a +0 ring mail
 w - a +0 helmet (worn)
 x - a scarf of harm (worn)
Jewellery
 z - a +6 ring of intelligence (left hand)
 A - an amulet of guardian spirit
Wands
 c - a wand of flame (8) (quivered)
 d - a wand of charming (15)
 e - a wand of iceblast (9)
Scrolls
 m - a scroll of acquirement {unknown}
 p - a scroll of enchant armour {unknown}
 t - a scroll of identify {unknown}
 u - 2 scrolls of enchant weapon {unknown}
 y - a scroll of immolation {unknown}
Potions
 k - 3 potions of curing {unknown}
 l - a potion of experience {unknown}
 n - 2 potions of ambrosia {unknown}
 q - 2 potions of lignification {unknown}
 s - a potion of heal wounds {unknown}


   Skills:
 + Level 1.5 Fighting
 + Level 1.2 Long Blades
 + Level 1.1 Maces & Flails
 + Level 2.3 Armour
 + Level 1.6 Dodging
 + Level 0.9 Stealth
 + Level 0.2 Spellcasting
 + Level 0.2 Translocations
 + Level 3.6 Evocations


You couldn't memorise any spells.
You knew the following spells:

 Your Spells              Type           Power      Damage    Failure   Level
a - Animate Skeleton      Necr           0%         N/A       41%         1
b - Apportation           Tloc           0%         N/A       36%         1
c - Magic Dart            Conj           0%         1d3       41%         1

Your spell library contained the following spells:

 Spells                   Type           Power      Damage    Failure   Level
 Sandblast                Erth           0%         2d4       41%         1
 Summon Small Mammal      Summ           0%         N/A       41%         1
 Passwall                 Tmut/Erth      0%         N/A       54%         2
 Searing Ray              Conj           0%         2d4       54%         2
 Stone Arrow              Conj/Erth      0%         3d7       78%         3
 Fulminant Prism          Conj/Hex       0%         3d6       99%         4


Dungeon Overview and Level Annotations

Branches:
Dungeon (3/15)

Shops:
D:2 (

Annotations:
D:3 Jessica


Innate Abilities, Weirdness & Mutations

You have an increased reservoir of magic. (+10% MP)
You shall have no god before yourself.
Your divine heritage dramatically boosts your attributes as you level up.


Message History

The endoplasm quivers.
The orc hits you with a +0 hand axe. The orc hits you but does no damage.
You slash the orc!
You kill the orc!
The orc hits you with a +0 hand axe. The hound closely misses you.
Things that are here:
a +0 hand axe; a +0 leather armour You hit the orc but do no damage.
The hound closely misses you. The orc hits you with a +0 hand axe.
The hound bites you. The orc hits you but does no damage.
You hit the orc but do no damage. The hound bites you but does no damage.
Jessica mumbles some strange words.
Jessica seems to speed up.
The orc hits you but does no damage. x2
The hound closely misses you.
You slash the orc!
You kill the orc!
The hound bites you but does no damage. The orc closely misses you.
Jessica very coldly says, "I hate your company."
The hound closely misses you. The orc hits you with a +0 flail.
* * * LOW HITPOINT WARNING * * *
Aiming: Throw Flame
Press: ? - help, Q - select action, (/) - cycle Shift-Dir - straight line The puff of flame hits the orc.
The orc is moderately wounded.
Jessica barely misses you. The hound closely misses you.
Jessica gestures wildly while chanting.
Jessica blinks!
The hound bites you but does no damage. The orc hits you with a +0 flail.
* * * LOW HITPOINT WARNING * * *
Sorry, you're not good enough to have a special ability.
You closely miss the hound. The hound closely misses you.
The endoplasm freezes you.
You are frozen.
* * * LOW HITPOINT WARNING * * *
The orc completely misses you. The hound closely misses you.
You slash the endoplasm!
You kill the endoplasm!
The hound bites you but does no damage. The orc hits you with a +0 flail.
You die...

##.##.######## .#
##.##......... ###.##
##..#.......# ###......
.....)......# ........#
...##.......####.§§.....
##..#.......#....§≈§≈≈≈≈
....#########...@§.§....
##.............o)≈.§≈≈.≈
##.#####...#####@≈.....≈
...# #........h≈.._..§
#### #...####..≈.....≈
#...# ##.≈?≈≈§.≈ #...#
#........ #...#
#.≈≈≈≈§≈≈ ##.##
#.....$.. ..# #.....###
... .......


You could see a hound, Jessica (fast) and an orc.

Vanquished Creatures
  A gnoll (D:1)
  3 adders
  A worm (D:2)
  2 dart slugs (D:1)
  3 orcs (D:3)
  6 endoplasms
  4 giant cockroaches
  9 goblins
  7 hobgoblins
  2 jackals (D:2)
  6 quokkas
  5 ball pythons
  6 bats
  7 kobolds
  7 rats
69 creatures vanquished.

Notes
Turn   | Place    | Note
-------+----------+-------------------------------------------
     0 | D:1      | ImHallYall the Demigod Artificer began the quest for the
                  | Orb.
     0 | D:1      | Reached XP level 1. HP: 15/15 MP: 3/3
    42 | D:1      | Reached skill level 3 in Evocations
    46 | D:1      | Reached XP level 2. HP: 18/22 MP: 4/4
    68 | D:1      | Reached skill level 1 in Fighting
  1061 | D:1      | Reached XP level 3. HP: 24/28 MP: 5/5
  1185 | D:1      | Reached skill level 1 in Dodging
  1720 | D:1      | Reached skill level 1 in Maces & Flails
  1987 | D:2      | Reached skill level 1 in Long Blades
  1991 | D:2      | Reached XP level 4. HP: 16/35 MP: 6/6
  2177 | D:2      | Learned a level 1 spell: Animate Skeleton
  2212 | D:2      | Learned a level 1 spell: Apportation
  2465 | D:2      | Learned a level 1 spell: Magic Dart
  2737 | D:2      | Found Dast's Weapon Emporium.
  3231 | D:3      | Noticed Jessica
  3243 | D:3      | HP: 1/35 [frozen (4)]
  3244 | D:3      | Slain by an orc

Illustrated notes

Levels and vault maps discovered:
D:1:      heliophobic_arrival_ceremonial_halls, layout_loops_ring,
          minmay_strange_pillars, minmay_misc_feat_chi
D:2:      layout_basic, ebering_ecumenical_altar_sacrificial, serial_shops,
          nicolae_shop_statue_plus, minmay_quantized
D:3:      layout_loops_cross, mainiacjoe_overflow_cross_hatched,
          minmay_crystal_room, uniq_jessica, uniq_terence

Skill      XL: |  1  2  3 |
---------------+----------+-----
Evocations     | 3 |  3.6
Fighting       | 1 |  1.5
Armour         | 2 |  2.3
Dodging        | 1 |  1.6
Maces & Flails | 1 |  1.1
Long Blades    | 1 |  1.2
Stealth        | |  0.9
Spellcasting   | |  0.2
Translocations | |  0.2

Action                   |  1- 3 |  4- 6 || total
-------------------------+-------+-------++-------
Melee: Club              |     4 |       ||     4
       Flail             |    55 |       ||    55
       Punch             |     1 |       ||     1
       Long sword        |    68 |    46 ||   114
 Cast: Apportation       |       |     5 ||     5
       Magic Dart        |       |     1 ||     1
Evoke: Wand              |     6 |     1 ||     7
Armor: Leather armour    |    13 |       ||    13
       Ring mail         |    81 |    37 ||   118
Dodge: Dodged            |   109 |    46 ||   155

Table legend: (Time is in decaauts)
 A = Elapsed time spent in this place.
 B = Non-inter-level travel time spent in this place.
 C = Inter-level travel time spent in this place.
 D = Time resting spent in this place.
 E = Time spent auto-exploring this place.
 F = Levels seen in this place.
 G = Mean time per level.
                   A        B        C        D        E       F      G
               +--------+--------+--------+--------+--------+-----+--------+
         Total |   3306 |   3306 |      0 |   1470 |    645 |   3 | 1102.0 |
       Dungeon |   3306 |   3306 |      0 |   1470 |    645 |   3 | 1102.0 |
               +--------+--------+--------+--------+--------+-----+--------+

Top non-repeatable levels by time:
     D:1: 1790 daAuts
     D:2: 1389 daAuts
     D:3: 126 daAuts
